 Dungeon Crawl Stone Soup version 0.28.0-43-g3370ac3207 (webtiles) character file.

Game seed: 2203081362727388476

17 sizableburger the Grave Robber (level 2, 0/19 HPs)
             Began as a Mummy Necromancer on Mar 5, 2022.
             Slain by a jackal (1 damage)
             ... on level 1 of the Dungeon.
             The game lasted 00:01:29 (580 turns).

sizableburger the Grave Robber (Mummy Necromancer)   Turns: 580, Time: 00:01:30

Health: 0/19       AC:  2    Str: 11    XL:     2   Next: 44%
Magic:  0/6        EV: 12    Int: 14    God:
Gold:   5          SH:  0    Dex: 12    Spells: 6/7 levels left

rFire   x . .      SeeInvis .   b - +0 dagger
rCold   + . .      Faith    .   (no shield)
rNeg    + + +      Spirit   .   a - +0 robe
rPois   ∞          Reflect  .   (no helmet)
rElec   .          Harm     .   (no cloak)
rCorr   .          Rampage  .   (no gloves)
Will    .....                   (no boots)
Stlth   ++........              (no amulet)
HPRegen 0.06/turn               (no ring)
MPRegen 0.10/turn               (no ring)

@: no status effects
A: cold resistance 1, negative energy resistance 3, torment resistance 2, heat
vulnerability 1, no potions
a: no special abilities


You were on level 1 of the Dungeon.
You visited 1 branch of the dungeon, and saw 1 of its levels.

You collected 5 gold pieces.

Inventory:

Hand Weapons
 b - a +0 dagger (weapon)
Armour
 a - a +0 robe (worn)
Scrolls
 c - a scroll of identify {unknown}


   Skills:
 - Level 1.5 Dodging
 - Level 1.5 Stealth
 + Level 3.4 Spellcasting
 + Level 4.3 Necromancy


You had 6 spell levels left.
You knew the following spells:

 Your Spells              Type           Power      Damage    Failure   Level
a - Pain                  Necr           56%        1d6       3%          1

Your spell library contained the following spells:

 Spells                   Type           Power      Damage    Failure   Level
 Animate Skeleton         Necr           28%        N/A       3%          1
 Vampiric Draining        Necr           14%        2d7       11%         3
 Animate Dead             Necr           7%         N/A       34%         4
 Agony                    Necr           14%        N/A       67%         5


Dungeon Overview and Level Annotations

Branches:
Dungeon (1/15)

Altars:


Innate Abilities, Weirdness & Mutations

You are immune to poison.
Your flesh is cold resistant. (rC+)
You are immune to negative energy. (rN+++)
You are immune to unholy pain and torment.
You are vulnerable to heat. (rF-)
You do not drink.


Message History

You kill the jackal!
A kobold comes into view. It is wielding a +0 club.
The jackal closely misses you. The jackal completely misses you.
The jackal barely misses you. The jackal barely misses you.
The jackal barely misses you.
You barely miss the jackal. The jackal bites you.
You closely miss the jackal.
The jackal bites you but does no damage.
You closely miss the jackal. The jackal misses you.
The jackal closely misses you.
You hit the jackal but do no damage. The jackal bites you.
You hit the jackal but do no damage. The jackal bites you.
The jackal misses you.
You hit the jackal.
The jackal is lightly wounded.
The jackal barely misses you.
The jackal writhes in agony.
The jackal bites you.
The jackal writhes in agony.
You kill the jackal!
The jackal barely resists.
The jackal bites you.
The jackal bites you but does no damage.
The jackal bites you. The jackal bites you.
* * * LOW HITPOINT WARNING * * *
The jackal bites you.
* * * LOW HITPOINT WARNING * * *
Casting: Pain (safe; 3% risk of failure)
Confirm with . or Enter, or press ? or * to list all spells.
Aiming: Pain (safe; 3% risk of failure)
Press: ? - help, Shift-Dir - straight line, f/p - jackal
Aim: a jackal (chance to affect: 84%)
The jackal barely resists.
The jackal barely misses you. The jackal bites you.
* * * LOW HITPOINT WARNING * * *
Unknown command.
The jackal closely misses you. The jackal closely misses you.
The jackal bites you.
You die...

#†###########...#####.###..
#....†...........§....# #.#
##############..§...#####..
#.'#≈≈##......
#.#§...#.§...#
#.≈....≈.....#
#.§.<⌠.≈.....#
########.≈§...≈.....#
#..h@...§#....#.....#
#######K#########≈≈###≈≈###
#...........# #.....#....#.
#)#####.###.###.....≈....≈.
#.......#...(.≈.⌠..≈.
#####...#.....≈....≈.
#...#.....#....#.
###.......##≈≈#+.
##..#####......


You could see a jackal and a kobold.

Vanquished Creatures
  2 endoplasms (D:1)
  2 goblins (D:1)
  2 hobgoblins (D:1)
  4 jackals (D:1)
  2 ball pythons (D:1)
  A bat (D:1)
  A kobold (D:1)
14 creatures vanquished.

Notes
Turn   | Place    | Note
-------+----------+-------------------------------------------
     0 | D:1      | sizableburger the Mummy Necromancer began the quest for the
                  | Orb.
     0 | D:1      | Reached XP level 1. HP: 13/13 MP: 4/4
   330 | D:1      | Reached XP level 2. HP: 17/19 MP: 0/6
   580 | D:1      | Slain by a jackal

Illustrated notes

Levels and vault maps discovered:
D:1:      dpeg_arrival_rooms_with_view, layout_loops_corners,
          basic_ecumenical_altar, hangedman_decor_diamond_cutter

Skill      XL: |  1 |
---------------+----+-----
Spellcasting   | 3 |  3.4
Dodging        | |  1.5
Stealth        | |  1.5
Necromancy     | |  4.3

Action                   || total
-------------------------++-------
Melee: Dagger            ||     6
 Cast: Pain              ||    34
Armor: Robe              ||     2
Dodge: Dodged            ||    19
